 Dungeon Crawl Stone Soup version 0.25-a0-265-g7af84ae0ac (webtiles) character file.

Game seed: 11622218281953518827, levelgen mode: deterministic

6527 floatRand the Soothsayer (level 10, -19/70 HPs)
             Began as a Demonspawn Fighter on Dec 7, 2019.
             Was a Priest of Nemelex Xobeh.
             Hit by a large rock thrown by a cyclops (27 damage)
             ... on level 12 of the Dungeon.
             The game lasted 00:17:00 (12056 turns).

floatRand the Soothsayer (Demonspawn Fighter)      Turns: 12056, Time: 00:17:01

Health: -19/70     AC: 10    Str: 17    XL:     10   Next: 69%
Magic:  0/17       EV:  9    Int:  9    God:    Nemelex Xobeh [***...]
Gold:   231        SH:  0    Dex: 20    Spells: 9/9 levels left

rFire    . . .     SeeInvis .   x - +4 war axe (freeze)
rCold    . . .     Gourm    .   (no shield)
rNeg     . . .     Faith    .   M - +2 scale mail {rPois}
rPois    +         Spirit   +   k - +0 helmet
rElec    .         Reflect  .   (no cloak)
rCorr    .         Harm     .   (no gloves)
MR       .....                  C - +0 pair of boots
Stlth    +.........             (no amulet)
HPRegen  0.21/turn              y - +4 ring of dexterity
MPRegen  0.30/turn              (no ring)

@: no status effects
A: hooves 2, powered by death 1, magic shield, magic regeneration
a: Draw Escape, Draw Destruction, Draw Summoning, Triple Draw, Renounce Religion


You were on level 12 of the Dungeon.
You worshipped Nemelex Xobeh.
Nemelex Xobeh was most pleased with you.
You were not hungry.

You visited 2 branches of the dungeon, and saw 13 of its levels.

You collected 465 gold pieces.
You spent 234 gold pieces at shops.

Inventory:

Hand Weapons
 a - a +0 trident
 l - the +8 arbalest "Riquic" {flame, rPois Int+3 Stlth-}
   (You acquired it on level 6 of the Dungeon)

   It causes projectiles fired from it to burn those they strike, causing extra
   injury to most foes and up to half again as much damage against particularly
   susceptible opponents.
   It affects your intelligence (+3).
   It protects you from poison.
   It makes you less stealthy.
 m - a +0 halberd of flaming
 x - a +4 war axe of freezing (weapon)
 F - a +1 war axe of chopping
Missiles
 d - 3 bolts
 n - 10 boomerangs (quivered)
 D - 8 curare-tipped darts
Armour
 b - a +0 scale mail
 c - a +0 shield
 k - a +0 helmet (worn)
 C - a +0 pair of boots (worn)
 I - the +1 leather armour of the Bells {Dex+6 Slay-4 Stlth+}
   (You found it on level 7 of the Dungeon)

   It affects your dexterity (+6).
   It affects your accuracy and damage with ranged weapons and melee attacks
   (-4).
   It makes you more stealthy.
 M - a +2 scale mail of poison resistance (worn)
Jewellery
 i - an uncursed ring of wizardry {unknown}
 y - a +4 ring of dexterity (left hand)
 J - an uncursed ring of protection from fire {unknown}
 K - an uncursed ring of stealth {unknown}
Wands
 w - a wand of scattershot (5)
 z - a wand of acid (19)
 H - a wand of random effects (13)
Scrolls
 h - 2 scrolls of teleportation
 j - 3 scrolls of identify
 t - 5 scrolls of remove curse
 G - a scroll of immolation {unknown}
 L - a scroll of acquirement
Potions
 e - 5 potions of lignification
 g - 5 potions of haste
 o - a potion of curing
 p - a potion of experience {unknown}
 q - 2 potions of mutation
 r - 2 potions of cancellation {unknown}
 s - 2 potions of agility {unknown}
 u - a potion of berserk rage {unknown}
 v - 2 potions of flight {unknown}
 A - 3 potions of degeneration {unknown}
 B - 6 potions of might
 E - 2 potions of brilliance {unknown}
Comestibles
 f - 14 rations


   Skills:
 - Level 3.0 Fighting
 + Level 9.3 Polearms
 + Level 5.5 Crossbows
 - Level 2.6 Armour
 + Level 1.1 Stealth
 - Level 8.0 Shields
 * Level 10.2 Invocations


You had 9 spell levels left.
You didn't know any spells.
Your spell library contained the following spells:

 Spells                   Type           Power        Failure   Level  Hunger
 Corona                   Hex            #......      80%         1    ##.....
 Slow                     Hex            #.......     90%         2    ###....
 Inner Flame              Hex/Fire       #.......     99%         3    ####...
 Portal Projectile        Hex/Tloc       #.....       99%         3    ####...
 Cause Fear               Hex            #.........   100%        4    #####..
 Leda's Liquefaction      Hex/Erth       #.........   100%        4    #####..
 Bolt of Magma            Conj/Fire/Erth #.........   100%        5    ######.
 Iskenderun's Battlesphe  Conj/Chrm      #.......     100%        5    ######.
 Iron Shot                Conj/Erth      #.........   100%        6    #######
 Orb of Destruction       Conj           #.........   100%        7    #######
 Spellforged Servitor     Conj/Summ      #.........   100%        7    #######


Dungeon Overview and Level Annotations

Branches:
Dungeon (11/15)            Temple (1/1) D:7            Lair (0/6) D:10
    Orc: D:9-12

Altars:
Ashenzari
Cheibriados
Dithmenos
Elyvilon
Fedhas
Gozag
Hepliaklqana
Kikubaaqudgha
Makhleb
Nemelex Xobeh
Okawaru
Qazlal
Ru
Sif Muna
Trog
Uskayaw
Vehumet
Wu Jian
Xom
Yredelemnul
Zin
The Shining One

Shops:
D:10 [

Annotations:
D:6 1 runed translucent door, grouchysmurf's ghost, novice OgFi


Innate Abilities, Weirdness & Mutations

You have hoof-like feet.
You regenerate a little health from kills.
When hurt, damage is shared between your health and your magic reserves.
You regenerate magic rapidly.


Message History

You draw a card...
You have drawn the Storm.
A fierce wind blows from the card.
The ogre is blown away by the wind.
You hear mighty peals of thunder!
You hear a shout! x4; You hear an angry buzzing noise.
The cyclops throws a large rock.
The large rock hits you but does no damage.
Unknown command.
You draw a card...
You have drawn Wild Magic.
The cyclops is covered in liquid flames!
The ogre is moving more slowly.
You feel a surge of magic.
You feel your power returning.
The cyclops burns!
You draw a card...
You have drawn the Dance.
The cyclops burns!
You hear the beating of a distant drum.
The cyclops burns!
The cyclops throws a large rock.
The large rock closely misses you.
The cyclops burns!
Your +0 long sword of flaming hits the ogre.
Your +0 long sword of flaming burns the ogre.
The cyclops throws a large rock.
The large rock hits you!!
You die...
Your body disappears without a glow.

#..# #..# #..# #..# #..#
#..# # #..# #..# .?# #..#
#<.# ..#
#####..######..####..###
..........(.C............
..........(O.............
#######(@######..........
#..# #.......... #..#
#.......... #..#
#...$...... #..#
#.......... ....
......>....... ....
.............. #####
####....C..h..
#......>...


You could see a cyclops (burning), an ogre (petrifying) and a friendly +0 long
sword of flaming.

Vanquished Creatures
  A troll (D:10)
  A hornet (D:7)
  A dream sheep (D:9)
  2 hippogriffs (D:8)
  3 yaks (D:9)
  2 hungry ghosts (D:8)
  Edmund (D:6)
  A water moccasin (D:6)
  A sky beast (D:6)
  2 orc warriors
  3 phantoms
  2 ogres
  5 centaurs
  4 bullfrogs
  A gnoll sergeant (D:5)
  A wyvern skeleton (D:8)
  A jelly (D:10)
  2 scorpions
  12 wights
  7 killer bees
  4 howler monkeys
  2 crimson imps (D:8)
  A bullfrog zombie (D:10)
  4 centaur zombies
  A quasit (D:8)
  A centaur skeleton (D:5)
  2 bullfrog skeletons
  5 hounds
  4 orc priests
  7 orc wizards
  4 iguanas
  5 worker ants
  2 hound skeletons
  2 worker ant zombies (D:5)
  16 gnolls
  7 adders
  2 shadow imps
  2 oozes
  An adder skeleton (D:4)
  An adder zombie (D:6)
  2 worms
  2 leopard geckos
  24 orcs
  4 giant cockroaches
  7 goblins
  6 hobgoblins
  16 jackals
  4 quokkas
  7 bats
  2 frilled lizards
  5 kobolds
  A leopard gecko zombie (D:8)
  6 rats
212 creatures vanquished.

Vanquished Creatures (collateral kills)
  An orc warrior (D:9)
  An orc wizard (D:9)
  A worker ant (D:9)
  An orc (D:9)
4 creatures vanquished.

Vanquished Creatures (others)
  A komodo dragon (D:10)
  2 orcs (D:10)
3 creatures vanquished.

Grand Total: 219 creatures vanquished

Notes
Turn   | Place    | Note
-------+----------+-------------------------------------------
     0 | D:1      | floatRand the Demonspawn Fighter began the quest for the
                  | Orb.
     0 | D:1      | Reached XP level 1. HP: 18/18 MP: 1/1
   314 | D:1      | Gained mutation: You regenerate a little health from kills.
                  | [demonic ancestry]
   314 | D:1      | Reached XP level 2. HP: 24/24 MP: 2/2
   672 | D:2      | Found a glowing golden altar of the Shining One.
   681 | D:2      | Found a radiant altar of Vehumet.
   698 | D:2      | Reached XP level 3. HP: 21/29 MP: 3/3
   938 | D:2      | Reached XP level 4. HP: 24/35 MP: 4/4
  1806 | D:3      | Gained mutation: When hurt, damage is shared between your
                  | health and your magic reserves. [demonic ancestry]
  1806 | D:3      | Reached XP level 5. HP: 41/41 MP: 5/5
  2594 | D:4      | Noticed a phantom
  2892 | D:4      | Killed a phantom
  2892 | D:4      | Reached XP level 6. HP: 19/47 MP: 6/6
  3227 | D:4      | Reached skill level 5 in Shields
  3500 | D:5      | Entered Level 5 of the Dungeon
  3524 | D:5      | Reached skill level 5 in Polearms
  3565 | D:5      | Gained mutation: You regenerate magic rapidly. [demonic
                  | ancestry]
  3565 | D:5      | Reached XP level 7. HP: 23/52 MP: 3/7
  4844 | D:6      | Found a runed translucent door.
  4859 | D:6      | Noticed grouchysmurf's ghost (novice OgFi)
  4865 | D:6      | Reached XP level 8. HP: 41/58 MP: 8/8
  5778 | D:6      | Found a hide-covered altar of Uskayaw.
  6335 | D:6      | Identified a scroll of acquirement
  6338 | D:6      | Got a smoking arbalest
  6343 | D:6      | Identified the +8 arbalest "Riquic" {flame, rPois Int+3
                  | Stlth-} (You acquired it on level 6 of the Dungeon)
  6447 | D:6      | Noticed Edmund
  6456 | D:6      | Killed Edmund
  6622 | D:6      | Found an opulent altar of Gozag.
  6623 | D:6      | Found a sparkling altar of Nemelex Xobeh.
  6987 | D:7      | Reached skill level 1 in Crossbows
  6990 | D:7      | Noticed a hornet
  6992 | D:7      | Killed a hornet
  6992 | D:7      | Gained mutation: You have large cloven feet. [demonic
                  | ancestry]
  6992 | D:7      | Reached XP level 9. HP: 62/63 MP: 9/9
  7047 | D:7      | Found a staircase to the Ecumenical Temple.
  7076 | Temple   | Entered the Ecumenical Temple
  7516 | D:6      | Became a worshipper of Nemelex Xobeh the Trickster
  7590 | D:7      | Received a gift from Nemelex Xobeh
  7650 | D:7      | Reached skill level 1 in Invocations
  7754 | D:7      | Got a pitted leather armour
  7755 | D:7      | Identified the +1 leather armour of the Bells {Dex+6 Slay-4
                  | Stlth+} (You found it on level 7 of the Dungeon)
  7948 | D:8      | Reached skill level 2 in Invocations
  8105 | D:8      | Reached skill level 3 in Invocations
  8232 | D:8      | Reached skill level 4 in Invocations
  8290 | D:8      | Reached skill level 5 in Invocations
  8296 | D:8      | HP: 1/63 [killer bee (5)]
  8602 | D:8      | Reached skill level 6 in Invocations
  9111 | D:8      | Reached skill level 7 in Invocations
  9236 | D:8      | Found a shimmering altar of Xom.
  9271 | D:8      | Reached * piety under Nemelex Xobeh
  9317 | D:8      | Found a hazy altar of Hepliaklqana.
  9322 | D:8      | Found a basalt altar of Yredelemnul.
  9327 | D:8      | Found a snail-covered altar of Cheibriados.
  9686 | D:9      | Gained mutation: You have hoof-like feet. [demonic
                  | ancestry]
  9686 | D:9      | Reached XP level 10. HP: 69/70 MP: 15/15
  9793 | D:9      | Received a gift from Nemelex Xobeh
  9796 | D:9      | Noticed a two-headed ogre
  9797 | D:9      | a two-headed ogre changed into a dream sheep
  9942 | D:9      | Reached skill level 8 in Invocations
 10212 | D:9      | Found a stormy altar of Qazlal.
 10330 | D:9      | Reached ** piety under Nemelex Xobeh
 10710 | D:9      | Reached skill level 9 in Invocations
 10739 | D:9      | Received a gift from Nemelex Xobeh
 10961 | D:10     | Entered Level 10 of the Dungeon
 10962 | D:10     | Found a staircase to the Lair.
 11025 | D:10     | Reached skill level 5 in Crossbows
 11050 | D:10     | HP: 3/70 [centaur (3)]
 11057 | D:10     | Found Raeseyti's Armour Shop.
 11380 | D:10     | Bought a +2 scale mail of poison resistance for 234 gold
                  | pieces
 11510 | D:10     | Received a gift from Nemelex Xobeh
 11648 | D:10     | Reached skill level 10 in Invocations
 12008 | D:11     | Received a gift from Nemelex Xobeh
 12009 | D:11     | You fall into a shaft and drop 1 floor!
 12028 | D:12     | Reached skill level 1 in Stealth
 12033 | D:12     | Reached *** piety under Nemelex Xobeh
 12036 | D:12     | Noticed a cyclops
 12056 | D:12     | Hit by a large rock thrown by a cyclops

Levels and vault maps discovered:
D:1:      giann_forest_graveyard, layout_basic
D:2:      layout_loops_ring, lemuel_doored_altar, old_standard_altar
D:3:      layout_loops_ring, first_ration, corexii_item_surrounded_by_moat
D:4:      layout_cave_pools
D:5:      layout_loops_cross, columned_hall_lemuel, serial_park_tiny_1,
          kennysheep_generic_room_3
D:6:      layout_layer_cave, grunt_temple_overflow_opulence,
          eat_drink_and_be_merry_uskayaw, ebering_ghost_sewer_d, st_stairs_14,
          uniq_edmund
D:7:      layout_basic, minmay_temple_entry_offerings
D:8:      minmay_angry_zag, layout_basic, kennysheep_mini,
          minmay_overflow_temple_star_quad
D:9:      layout_cave_pods, old_standard_altar
D:10:     layout_gridville, lair_entry_dummy, serial_shops, shop
D:11:     layout_roguey, enter_bailey_6
D:12:     minmay_smoke_and_mirrors, layout_small_grid, hiddenorc1_lemuel,
          gauntlet_entry_generic, uniq_frances
Temple:   hc_temple_tempest_star

Skill      XL: |  1  2  3  4  5  6  7  8  9 10 |
---------------+-------------------------------+-----
Polearms       | 2 3 4 5 6 7 8 9 |  9.3
Shields        | 3 4 5 6 7 8 |  8.0
Crossbows      | 1 4 5 |  5.5
Invocations    | 7 10 | 10.2
Stealth        | 1 |  1.1
Fighting       | |  3.0
Armour         | |  2.6

Action                   |  1- 3 |  4- 6 |  7- 9 | 10-12 || total
-------------------------+-------+-------+-------+-------++-------
Melee: Trident           |    93 |    22 |       |       ||   115
       Halberd           |       |   206 |   211 |       ||   417
       War axe           |       |       |    49 |   105 ||   154
 Fire: Arbalest          |       |       |   102 |    26 ||   128
Throw: Boomerang         |       |     2 |     3 |     6 ||    11
 Abil: Draw Destruction  |       |       |       |    11 ||    11
       Draw Summoning    |       |       |       |     2 ||     2
Evoke: Wand              |       |     1 |       |       ||     1
  Use: Scroll            |       |     5 |    11 |       ||    16
       Potion            |       |     2 |     3 |       ||     5
  Eat: Chunk             |       |     9 |    11 |     8 ||    28
       Ration            |       |       |     3 |       ||     3
Armor: Scale mail        |    53 |   123 |   184 |    75 ||   435
Dodge: Dodged            |    24 |   104 |   208 |    76 ||   412
Block: Shield            |    55 |     8 |       |       ||    63

Table legend:
 A = Non-vault XP
 B = Vault XP
 C = Vault XP percentage of total XP
 D = Non-vault monster count
 E = Vault monster count
 F = Vault count percentage of total count
                 A         B        C        D         E       F
            +---------+---------+-------+---------+---------+-------
      Total |    8545 |     780 |   8.4 |     209 |       9 |   4.1
            +---------+---------+-------+---------+---------+-------
        D:1 |      28 |       0 |   0.0 |      16 |       0 |   0.0
        D:2 |     166 |       0 |   0.0 |      26 |       0 |   0.0
        D:3 |      89 |       0 |   0.0 |      23 |       0 |   0.0
        D:4 |     406 |       0 |   0.0 |      13 |       0 |   0.0
        D:5 |     534 |      42 |   7.3 |      20 |       1 |   4.8
        D:6 |     757 |     199 |  20.8 |      20 |       2 |   9.1
        D:7 |     909 |       0 |   0.0 |      14 |       0 |   0.0
        D:8 |    1629 |     539 |  24.9 |      27 |       6 |  18.2
        D:9 |    2024 |       0 |   0.0 |      33 |       0 |   0.0
       D:10 |    1456 |       0 |   0.0 |      15 |       0 |   0.0
       D:11 |      18 |       0 |   0.0 |       1 |       0 |   0.0
       D:12 |     529 |       0 |   0.0 |       1 |       0 |   0.0
            +---------+---------+-------+---------+---------+-------
